Map: 어비설 리프 - 래더

Players

Patience

  • Race: Protoss Protoss
  • Spawn Location: 5:00

Serral - Winner!

  • Race: Zerg Zerg
  • Spawn Location: 11:00

Event: IEM XI Katowice - World Championship 2017

VOD

Have the link to the VOD?

Description

Time

  • Played on: March 2, 2017, 8:48 p.m.
  • Length: 8:36

All games in this series

Show
View Real Time Build Order
Export as new Build Order

Patience Protoss 

Build Orders: 1 Gate Expand 

Get SALT Encoding   

  12  0:01  Probe (Chrono Boost)  
  13  0:11  Probe (Chrono Boost)  
  14  0:19  Pylon  
  14  0:22  Probe (Chrono Boost)  
  15  0:37  Probe (Chrono Boost)  
  15  0:39  Gateway  
  16  0:44  Assimilator  
  16  0:48  Probe (Chrono Boost)  
  17  0:58  Probe (Chrono Boost)  
  17  1:01  Gateway  
  18  1:09  Probe (Chrono Boost)  
  19  1:27  Cybernetics Core  
  19  1:39  Nexus  
  19  1:46  Pylon  
  19  1:50  Probe (Chrono Boost)  
  20  2:02  Adept x2  
  20  2:03  Probe (Chrono Boost)  
  25  2:14  Assimilator  
  25  2:15  Probe (Chrono Boost)  
  26  2:17  Warp Gate  
  26  2:26  Probe (Chrono Boost)  
  27  2:32  Adept  
  28  2:37  Probe (Chrono Boost)  
  29  2:44  Twilight Council  
  29  2:48  Probe (Chrono Boost)  
  30  2:51  Probe (Chrono Boost)  
  30  2:58  Probe (Chrono Boost)  
  32  3:02  Probe (Chrono Boost)  
  33  3:09  Probe (Chrono Boost)  
  33  3:11  Resonating Glaives  
  35  3:12  Probe (Chrono Boost)  
  35  3:13  Pylon  
  35  3:23  Mothership Core (Chrono Boost)  
  37  3:29  Probe (Chrono Boost)  
  37  3:32  Gateway  
  38  3:36  Adept x2  
  38  3:40  Probe (Chrono Boost)  
  43  3:42  Probe (Chrono Boost)  
  44  3:52  Probe x2 (Chrono Boost)  
  47  4:03  Probe (Chrono Boost)  
  47  4:04  Probe (Chrono Boost)  
  47  4:08  Nexus  
  48  4:11  Pylon  
  48  4:16  Probe (Chrono Boost)  
  50  4:17  Probe (Chrono Boost)  
  50  4:27  Probe (Chrono Boost)  
  50  4:29  Robotics Facility, Probe (Chrono Boost)  
  52  4:31  Pylon  
  52  4:33  Sentry  
  52  4:37  Probe (Chrono Boost)  
  55  4:39  Assimilator  
  55  4:41  Probe (Chrono Boost)  
  55  4:42  Assimilator  
  55  4:45  Sentry x2  
  60  4:48  Probe (Chrono Boost)  
  62  4:53  Probe (Chrono Boost)  
  62  4:55  Forge  
  62  4:57  Pylon  
  62  4:58  Probe (Chrono Boost)  
  63  5:05  Probe (Chrono Boost)  
  64  5:09  Probe (Chrono Boost)  
  64  5:12  Warp Prism  
  65  5:17  Probe (Chrono Boost)  
  69  5:21  Probe (Chrono Boost)  
  69  5:22  Adept  
  69  5:23  Adept x2  
  69  5:27  Protoss Ground Weapons Level 1  
  69  5:28  Probe (Chrono Boost)  
  77  5:29  Pylon, Probe (Chrono Boost)  
  77  5:33  Probe (Chrono Boost)  
  78  5:38  Probe (Chrono Boost)  
  78  5:41  Probe (Chrono Boost)  
  80  5:48  Observer, Probe (Chrono Boost)  
  80  5:49  Pylon, Probe (Chrono Boost)  
  82  5:53  Probe (Chrono Boost)  
  82  5:56  Sentry x3  
  90  6:02  Gateway  
  90  6:03  Gateway  
  90  6:04  Gateway  
  90  6:06  Probe x3 (Chrono Boost)  
  93  6:11  Immortal  
  93  6:12  Gateway  
  93  6:13  Gateway  
  97  6:23  Sentry  
  97  6:24  Sentry  
  101  6:26  Assimilator  
  101  6:29  Assimilator, Probe (Chrono Boost)  
  101  6:30  Probe (Chrono Boost)  
  101  6:31  Probe (Chrono Boost)  
  104  6:33  Pylon  
  104  6:36  Pylon  
  95  6:41  Probe (Chrono Boost)  
  95  6:43  Probe (Chrono Boost)  
  96  6:49  Probe (Chrono Boost)  
  96  6:52  Probe (Chrono Boost), Immortal  
  99  6:56  Probe (Chrono Boost)  
  104  7:02  Probe (Chrono Boost)  
  104  7:03  Sentry x2  
  104  7:04  Probe (Chrono Boost)  
  104  7:05  Adept  
  104  7:06  Adept x3  
  104  7:08  Probe (Chrono Boost)  
  118  7:09  Pylon  
  118  7:11  Pylon  
  118  7:12  Pylon  
  118  7:14  Probe (Chrono Boost)  
  120  7:16  Probe (Chrono Boost)  
  120  7:20  Probe (Chrono Boost)  
  119  7:26  Probe (Chrono Boost)  
  119  7:29  Probe (Chrono Boost)  
  119  7:32  Probe (Chrono Boost), Stalker x5  
  119  7:33  Sentry x3, Warp Prism  
  136  7:42  Photon Cannon  
  125  8:00  Stalker x2  
  125  8:02  Stalker x3  
  121  8:16  Stalker x3  
  123  8:26  Stalker x2  
  123  8:27  Stalker x2  
Show
View Real Time Build Order
Export as new Build Order

Serral Zerg - Winner!

Build Orders: Hatch First 

Get SALT Encoding   

  12  0:00  Drone  
  13  0:13  Overlord  
  13  0:17  Drone  
  14  0:31  Drone  
  14  0:32  Drone  
  14  0:35  Drone  
  17  0:52  Hatchery  
  17  0:56  Drone  
  17  0:59  Drone  
  18  1:10  Extractor  
  17  1:13  Spawning Pool  
  17  1:17  Drone  
  17  1:20  Drone  
  18  1:29  Drone  
  19  1:39  Overlord  
  19  1:51  Drone  
  20  2:00  Queen  
  20  2:01  Zergling x2  
  23  2:03  Queen  
  23  2:04  Zergling x2  
  26  2:10  Metabolic Boost  
  26  2:12  Drone  
  26  2:15  Drone  
  29  2:22  Drone  
  29  2:25  Drone  
  30  2:33  Drone  
  31  2:37  Zergling x2  
  31  2:44  Zergling x2  
  33  2:47  Zergling x2  
  34  2:51  Hatchery  
  34  2:57  Overlord  
  33  2:58  Drone  
  34  3:05  Drone  
  34  3:08  Drone  
  34  3:12  Overlord  
  36  3:15  Queen  
  36  3:16  Drone x2  
  36  3:18  Drone  
  41  3:20  Drone  
  41  3:22  Drone  
  41  3:25  Drone  
  44  3:32  Roach Warren  
  44  3:33  Drone  
  44  3:34  Drone  
  44  3:37  Drone  
  46  3:42  Overlord  
  46  3:45  Drone x2  
  48  3:49  Drone x2  
  48  3:55  Overlord  
  50  4:05  Drone x2  
  52  4:14  Roach x5  
  62  4:18  Overlord  
  62  4:23  Roach x2  
  66  4:25  Zergling x6  
  66  4:26  Zergling x2  
  66  4:30  Overlord  
  70  4:36  Drone x2  
  72  4:41  Drone  
  72  4:44  Lair  
  73  4:45  Evolution Chamber, Extractor, Drone  
  73  4:46  Drone x2  
  73  4:47  Overlord  
  73  4:49  Drone x2  
  73  4:51  Queen  
  78  4:53  Drone  
  78  4:55  Drone x2  
  78  4:57  Drone  
  78  4:59  Drone  
  83  5:00  Drone  
  83  5:02  Drone  
  83  5:03  Drone  
  83  5:04  Drone  
  87  5:11  Zerg Melee Weapons Level 1  
  87  5:12  Overlord  
  87  5:13  Extractor, Drone  
  87  5:14  Extractor  
  86  5:15  Overlord  
  86  5:20  Roach  
  88  5:21  Overlord  
  88  5:25  Drone x2  
  88  5:26  Drone  
  88  5:27  Extractor x2  
  88  5:28  Overlord  
  88  5:32  Overlord x2  
  88  5:40  Drone x2  
  90  5:46  Drone x3  
  90  5:48  Spire, Roach  
  94  5:52  Drone x2  
  94  5:55  Overlord  
  96  5:57  Drone x4  
  96  5:59  Overlord  
  100  6:04  Overlord  
  100  6:07  Drone  
  100  6:08  Roach, Drone  
  100  6:09  Roach x2  
  108  6:17  Overseer, Overlord  
  108  6:19  Zergling x6  
  111  6:32  Overlord  
  107  6:42  Drone  
  107  6:43  Drone  
  107  6:46  Zergling x8  
  107  6:47  Zergling x10, Baneling Nest  
  109  6:52  Hatchery  
  110  7:00  Mutalisk  
  110  7:01  Mutalisk x5  
  112  7:03  Ravager  
  112  7:04  Ravager x4  
  112  7:05  Zergling x4  
  129  7:11  Zergling x2  
  130  7:17  Zergling x6  
  130  7:18  Zergling x6  
  130  7:21  Zergling x6  
  135  7:31  Ravager x2  
  135  7:36  Zergling x10  
  142  7:39  Ravager  
  142  7:40  Baneling, Ravager x2  
  142  7:41  Baneling x9  
  145  7:44  Zergling x2  
  145  7:45  Zergling x8  
  145  7:46  Baneling x4  
  145  7:47  Zergling x2  
  145  7:52  Zergling x2  
  145  7:58  Zergling x10  
  140  8:05  Zergling x10  
  143  8:11  Zergling x2  
  140  8:14  Zergling x6  
  140  8:17  Zergling x6  
  140  8:23  Hatchery  

Tags
 
Add a new tag
Caveats
  • Supply blocks, unpowered buildings, or Contaminate may cause inaccurate times.
  • Supply counts are checked every 10 seconds.